 Dungeon Crawl Stone Soup version 0.29-a0-23-ga79f92ac9c (webtiles) character file.

Game seed: 6716043518672119813

6955 arthad the Shield-Bearer (level 11, -1/58 HPs)
             Began as a Vine Stalker Fighter on Jan 31, 2022.
             Was a High Priest of Qazlal.
             Slain by a vampire (8 damage)
             ... on level 10 of the Dungeon.
             The game lasted 00:22:13 (8123 turns).

arthad the Shield-Bearer (Vine Stalker Fighter)     Turns: 8123, Time: 00:22:13

Health: -1/58      AC: 20    Str: 23    XL:     11   Next: 7%
Magic:  0/15       EV:  9    Int:  8    God:    Qazlal [*****.]
Gold:   132        SH: 22    Dex: 14    Spells: 10/10 levels left

rFire   + . .      SeeInvis .   a - +0 war axe (venom)
rCold   . . .      Faith    .   f - +0 tower shield
rNeg    . . .      Spirit   +   V - +2 plate armour {rF+}
rPois   .          Reflect  .   (no helmet)
rElec   .          Harm     .   m - +0 cloak
rCorr   .          Rampage  .   A - +0 pair of gloves
Will    ++...                   (no boots)
Stlth   ..........              (no amulet)
HPRegen 0.99/turn               n - +4 ring of evasion
MPRegen 0.14/turn               y - ring of willpower

@: protected from physical damage, repel missiles
A: fangs 3, regeneration 1, magic shield, antimagic bite, no potion heal 2
a: Renounce Religion, Upheaval, Elemental Force, Disaster Area


You were on level 10 of the Dungeon.
You worshipped Qazlal.
Qazlal was extremely pleased with you.
You visited 2 branches of the dungeon, and saw 11 of its levels.

You collected 551 gold pieces.
You spent 419 gold pieces at shops.

Inventory:

Hand Weapons
 a - a +0 war axe of venom (weapon)
 g - a +0 antimagic spear
 p - a +4 flail
 E - a +0 battleaxe
 G - the +6 spear "Heol" {freeze, Int+4}
   (You found it on level 5 of the Dungeon)

   It freezes those it strikes, dealing additional cold damage.
   It can also slow down cold-blooded creatures.
   Int:       It affects your intelligence (+4).
 R - a +1 whip of electrocution
 W - the +0 rapier "Idogry" {freeze, rN+++ rCorr Dex-4 Stlth+}
   (You found it on level 9 of the Dungeon)

   It freezes those it strikes, dealing additional cold damage.
   It can also slow down cold-blooded creatures.
   Dex:       It affects your dexterity (-4).
   rN:        It renders you almost immune to negative energy.
   rCorr:     It protects you from acid and corrosion.
   Stlth:     It makes you more stealthy.
Missiles
 e - 8 poisoned darts (quivered)
 o - 6 throwing nets
 C - 5 boomerangs
Armour
 f - a +0 tower shield (worn)
 m - a +0 cloak (worn)
 A - a +0 pair of gloves (worn)
 V - a +2 plate armour of fire resistance (worn)
Jewellery
 n - a +4 ring of evasion (left hand)
 y - a ring of willpower (right hand)
 K - a ring of flight
 Y - a ring of protection from fire
Wands
 b - a wand of iceblast (3)
 c - a wand of polymorph (4)
 l - a wand of digging (8)
 q - a wand of flame (27)
 O - a wand of charming (4)
 P - a wand of acid (5)
Scrolls
 h - a scroll of blinking {unknown}
 j - 3 scrolls of magic mapping
 k - a scroll of enchant armour {unknown}
 r - 2 scrolls of teleportation
 s - 4 scrolls of amnesia {unknown}
 t - 3 scrolls of immolation {unknown}
 v - a scroll of torment {unknown}
 w - 7 scrolls of identify
 z - a scroll of fog {unknown}
 M - a scroll of enchant weapon
 N - a scroll of fear {unknown}
Potions
 d - 2 potions of might
 i - 4 potions of mutation {unknown}
 u - 2 potions of heal wounds {unknown}
 x - 2 potions of magic {unknown}
 B - 2 potions of degeneration {unknown}
 D - a potion of haste {unknown}
 F - 2 potions of attraction {unknown}
 H - 2 potions of ambrosia
 I - a potion of flight {unknown}
 J - a potion of berserk rage {unknown}
 L - 2 potions of curing
 Q - a potion of invisibility {unknown}
 S - a potion of brilliance
Miscellaneous
 U - a piece from Xom's chessboard (15/15)


   Skills:
 * Level 7.4 Fighting
 * Level 7.3 Axes
 * Level 6.7 Armour
 - Level 3.7 Dodging
 - Level 0.1 Stealth
 * Level 7.5 Shields
 + Level 4.9 Invocations


You had 10 spell levels left.
You didn't know any spells.
Your spell library contained the following spells:

 Spells                   Type           Power      Damage    Failure   Level
 Beastly Appendage        Tmut           0%         N/A       100%        1
 Static Discharge         Conj/Air       0%         N/A       100%        2
 Sublimation of Blood     Necr           0%         N/A       100%        2
 Wereblood                Tmut           0%         N/A       100%        2
 Dazzling Flash           Conj/Hex       0%         N/A       100%        3
 Inner Flame              Hex/Fire       0%         N/A       100%        3
 Spider Form              Tmut/Pois      0%         N/A       100%        3
 Cause Fear               Hex            0%         N/A       100%        4
 Iskenderun's Mystic Bla  Conj/Tloc      0%         2d3       100%        4
 Petrify                  Tmut/Erth      0%         N/A       100%        4
 Irradiate                Conj/Tmut      0%         3d13      100%        5
 Lightning Bolt           Conj/Air       0%         1d11      100%        5
 Starburst                Conj/Fire      0%         6d3       100%        6
 Discord                  Hex            0%         N/A       100%        8
 Maxwell's Capacitive Co  Air            0%         ∞         100%        8


Dungeon Overview and Level Annotations

Branches:
Dungeon (10/15)            Temple (1/1) D:4             Orc (0/2) D:9
   Lair: D:8-11

Altars:
Ashenzari
Dithmenos
Elyvilon
Fedhas
Gozag
Hepliaklqana
Kikubaaqudgha
Makhleb
Nemelex Xobeh
Okawaru
Qazlal
Ru
Sif Muna
Trog
Uskayaw
Vehumet
Wu Jian
Xom
Yredelemnul
Zin
The Shining One

Shops:
D:6 *   D:9 *

Annotations:
D:9 2 transporters, louisi3's ghost, journeyman MiMo


Innate Abilities, Weirdness & Mutations

You have razor-sharp teeth.
Your natural rate of healing is unusually fast.
When hurt, damage is shared between your health and your magic reserves.
Your bite disrupts and absorbs the magic of your enemies.
Potions cannot restore your health.


Message History

Reactivating autopickup.
You feel a bit more experienced. Something hits you but does no damage.
Deactivating autopickup; reactivate with Ctrl-A.
Something bites you but does no damage.
You are too injured to fight recklessly!
Unknown command.
Unknown command.
You are too injured to fight recklessly!
Unknown command.
Unknown command.
You barely miss the two-headed ogre.
The two-headed ogre is almost dead.
You barely miss something.
The two-headed ogre hits you with a +0 giant club!
You feel more protected from physical attacks.
The two-headed ogre barely misses you.
The orc is engulfed in blazing flames.
You kill the orc!
Qazlal accepts your kill.
You block something's attack. x2; You block the two-headed ogre's attack. x2
You barely miss the two-headed ogre.
The two-headed ogre is almost dead.
You miss something.
You kill the two-headed ogre!
Qazlal accepts your kill. Something hits you but does no damage.
Something bites you.
Something draws strength from your injuries!
Something draws life force from you!
* * * LOW HITPOINT WARNING * * *
You have reached level 11!
Unknown command.
You hit the orc wizard.
The orc wizard is poisoned.
You bite the orc wizard, but do no damage.
The orc wizard is lightly wounded.
You miss something.
The orc wizard gestures at you while chanting.
The magic dart hits you!
You feel more protected from physical attacks.
* * * LOW HITPOINT WARNING * * *
You block something's attack. Something bites you!
You die...

# ## #. ..# .#
#..## .#
###.##.##
##.##..........
#..............
#.§..○...#.....
#<.○☼..#.....
##@o°....(..#
##{.##....##
##○.........
#.o........>
#............
...............
###........>...
#.o..........
#............


You could see an orc wizard (very poisoned) and an orc.

Vanquished Creatures
  A two-headed ogre (D:10)
  An orange crystal statue (D:9)
  Pikel (D:6)
  Sigmund (D:5)
  A wraith (D:8)
  8 yaks (D:9)
  A wyvern (D:9)
  A steam dragon (D:8)
  A water moccasin (D:7)
  2 sky beasts
  3 orc warriors
  3 ice beasts
  2 ogres
  2 necrophages (D:4)
  A centaur (D:8)
  A kobold brigand (D:3)
  Blork the orc (D:5)
  A bullfrog (D:8)
  3 gnoll sergeants
  5 scorpions
  A water moccasin skeleton (D:6)
  3 killer bees (D:8)
  6 howler monkeys
  A wight (D:8)
  4 centaur zombies
  A bullfrog skeleton (D:6)
  A jelly (D:5)
  A centaur skeleton (D:5)
  3 hounds
  2 orc priests
  Jessica (D:3)
  Ijyb (D:5)
  2 iguanas
  4 orc wizards
  2 killer bee zombies
  A hound skeleton (D:4)
  2 howler monkey zombies
  41 gnolls
  6 adders
  A white imp (D:8)
  An ufetubus (D:2)
  4 dart slugs
  39 orcs
  5 ball pythons
  7 bats
  7 endoplasms
  4 giant cockroaches
  7 goblins
  5 hobgoblins
  15 jackals
  12 kobolds
  5 quokkas
  5 frilled lizards
  11 rats
251 creatures vanquished.

Vanquished Creatures (others)
  4 plants (D:3)
4 creatures vanquished.

Grand Total: 255 creatures vanquished

Notes
Turn   | Place    | Note
-------+----------+-------------------------------------------
     0 | D:1      | arthad the Vine Stalker Fighter began the quest for the
                  | Orb.
     0 | D:1      | Reached XP level 1. HP: 11/11 MP: 2/2
   213 | D:1      | Reached XP level 2. HP: 16/16 MP: 3/3
   277 | D:1      | Found a faded altar of an unknown god.
   289 | D:1      | Prayed at the altar of an unknown god.
   289 | D:1      | Became a worshipper of Qazlal Stormbringer
   289 | D:1      | Reached * piety under Qazlal
   699 | D:1      | Reached XP level 3. HP: 20/20 MP: 2/4
  1265 | D:2      | Gained mutation: Your natural rate of healing is unusually
                  | fast. [Vine Stalker growth]
  1265 | D:2      | Reached XP level 4. HP: 24/24 MP: 3/5
  1269 | D:2      | Reached ** piety under Qazlal
  1406 | D:2      | Found a blossoming altar of Fedhas.
  1527 | D:2      | Reached XP level 5. HP: 28/28 MP: 6/6
  2008 | D:3      | Reached *** piety under Qazlal
  2095 | D:3      | You fall into a shaft and drop 2 floors!
  2095 | D:5      | Entered Level 5 of the Dungeon
  2167 | D:3      | Reached XP level 6. HP: 32/32 MP: 7/7
  2511 | D:3      | Reached skill level 1 in Dodging
  2577 | D:3      | Reached skill level 1 in Invocations
  2621 | D:3      | Reached XP level 7. HP: 37/37 MP: 8/8
  2638 | D:3      | Reached **** piety under Qazlal
  2674 | D:3      | Noticed Jessica
  2681 | D:3      | Killed Jessica
  3047 | D:4      | Gained mutation: You have razor-sharp teeth. [Vine Stalker
                  | growth]
  3047 | D:4      | Reached XP level 8. HP: 42/42 MP: 10/10
  3178 | D:4      | Found a hide-covered altar of Uskayaw.
  3253 | D:4      | Found a staircase to the Ecumenical Temple.
  3262 | Temple   | Entered the Ecumenical Temple
  4129 | D:5      | Noticed Blork the orc
  4135 | D:5      | Killed Blork the orc
  4298 | D:5      | Noticed Sigmund
  4301 | D:5      | Killed Sigmund
  4302 | D:5      | Reached skill level 5 in Fighting
  4302 | D:5      | Reached skill level 5 in Shields
  4376 | D:5      | Noticed Ijyb
  4385 | D:5      | Killed Ijyb
  4414 | D:5      | Reached skill level 5 in Axes
  4536 | D:5      | Reached XP level 9. HP: 47/47 MP: 10/12
  4714 | D:5      | Identified the +6 spear "Heol" {freeze, Int+4}
  4927 | D:6      | Found an iron altar of Okawaru.
  4981 | D:6      | Noticed Pikel
  4990 | D:6      | Killed Pikel
  4991 | D:6      | Reached skill level 5 in Armour
  5032 | D:6      | Reached ***** piety under Qazlal
  5175 | D:6      | Found a shadowy altar of Dithmenos.
  5238 | D:6      | Found Heum's Specific Store.
  5242 | D:6      | Found Xarghuel's General Store.
  5250 | D:6      | Bought a potion of curing for 30 gold pieces
  5254 | D:6      | Bought a scroll of enchant weapon for 90 gold pieces
  5978 | D:7      | Found a white marble altar of Elyvilon.
  6670 | D:8      | Reached XP level 10. HP: 45/53 MP: 10/13
  6841 | D:8      | Found a blossoming altar of Fedhas.
  6879 | D:8      | Found a hide-covered altar of Uskayaw.
  7013 | D:8      | Found a glowing silver altar of Zin.
  7325 | D:9      | Found a hazy altar of Hepliaklqana.
  7501 | D:9      | Noticed an orange crystal statue
  7529 | D:9      | Killed an orange crystal statue
  7561 | D:9      | Identified the +0 rapier "Idogry" {freeze, rN+++ rCorr
                  | Dex-4 Stlth+}
  7605 | D:9      | Found a staircase to the Orcish Mines.
  7642 | D:9      | Found Kiasuogir's Assorted Antiques.
  7649 | D:9      | Bought a scroll labelled ROGULE XOOCK for 23 gold pieces
  7649 | D:9      | Bought a scroll labelled FEIKKAHEAS for 23 gold pieces
  7649 | D:9      | Bought a scroll labelled ROGULE XOOCK for 23 gold pieces
  7650 | D:9      | Bought a thick beryl amulet for 115 gold pieces
  7650 | D:9      | Bought a twisted bronze ring for 115 gold pieces
  7682 | D:9      | Noticed louisi3's ghost (journeyman MiMo)
  7780 | D:9      | Found a transporter.
  7782 | D:9      | Found a transporter.
  7859 | D:9      | Noticed a yaktaur captain
  7859 | D:9      | Noticed a five-headed hydra
  8003 | D:9      | Noticed a centaur warrior
  8004 | D:9      | Noticed a centaur warrior
  8005 | D:9      | Noticed a cyclops
  8100 | D:10     | Entered Level 10 of the Dungeon
  8104 | D:10     | Noticed a two-headed ogre
  8122 | D:10     | Killed a two-headed ogre
  8123 | D:10     | Reached XP level 11. HP: 12/58 MP: 3/15
  8123 | D:10     | Slain by a vampire

Illustrated notes

Levels and vault maps discovered:
D:1:      ncdulo_lavacross, layout_loops_ring,
          hellmonk_ecumenical_altar_heavens_door
D:2:      layout_loops_ring, basic_altar, kennysheep_cross_room,
          grunt_decor_cap, minmay_pentomino_w4
D:3:      lemuel_castle_with_subvaults [lemuel_castle_interior_original],
          layout_rooms, uniq_jessica
D:4:      layout_loops_corners, old_standard_altar,
          minmay_temple_entry_statues_fountains
D:5:      layout_loops_corners, supply_closet_lemuel, dk_vineyard_1,
          chequers_decorated_corner, uniq_sigmund, uniq_ijyb, uniq_blork_the_orc
D:6:      layout_gridville, okawaru_gym_becter, mainiacjoe_overflow_chevrons,
          minmay_misc_feat_four_crosses, nicolae_specific_store, uniq_pikel
D:7:      layout_gridville, elyvilon_altar_1
D:8:      layout_rooms, mainiacjoe_overflow_concentric_impassable,
          hangedman_feature_mirror, small_chamber_with_monster
D:9:      minmay_statue_hallways, layout_long_grid,
          mainiacjoe_overflow_cross_hatched, orc_0_dummy, serial_shops,
          nicolae_shop_overgrown_old_shop, gammafunk_ghost_hive,
          onia_ninara_dug_in_and_dangerous
D:10:     hellmonk_ruined_rings, layout_layer_cave, mainiacjoe_overflow_paths,
          special_room [special_room_bee], minmay_joined_circles
Temple:   regret_index_temple_waves

Skill      XL: |  1  2  3  4  5  6  7  8  9 10 |
---------------+-------------------------------+-----
Shields        | 3 4 5 6 7 |  7.5
Axes           | 2 3 4 5 6 7 |  7.3
Fighting       | 3 4 5 6 7 |  7.4
Armour         | 3 4 5 6 |  6.7
Dodging        | 1 2 3 |  3.7
Invocations    | 1 2 3 4 |  4.9
Stealth        | |  0.1

Action                   |  1- 3 |  4- 6 |  7- 9 | 10-12 || total
-------------------------+-------+-------+-------+-------++-------
Melee: War axe           |    58 |   182 |   252 |   132 ||   624
       Bite              |    12 |    36 |    84 |    50 ||   182
Throw: Dart              |       |       |       |     3 ||     3
Invok: Upheaval          |       |     1 |     1 |       ||     2
Evoke: Wand              |       |       |       |     4 ||     4
  Use: Potion            |     1 |       |       |       ||     1
       Scroll            |       |     1 |     1 |     1 ||     3
Armor: Scale mail        |    32 |    75 |    54 |    21 ||   182
       Plate armour      |       |       |       |    25 ||    25
Dodge: Dodged            |    14 |    52 |    80 |    38 ||   184
Block: Tower shield      |    42 |   212 |   318 |   151 ||   723
       Buckler           |     3 |       |       |       ||     3

Table legend: (Time is in decaauts)
 A = Elapsed time spent in this place.
 B = Non-inter-level travel time spent in this place.
 C = Inter-level travel time spent in this place.
 D = Time resting spent in this place.
 E = Time spent auto-exploring this place.
 F = Levels seen in this place.
 G = Mean time per level.
                   A        B        C        D        E       F      G
               +--------+--------+--------+--------+--------+-----+--------+
         Total |   8537 |   8133 |    404 |    337 |   5861 |  11 |  776.1 |
       Dungeon |   8410 |   8023 |    387 |    337 |   5765 |  10 |  841.0 |
        Temple |    127 |    110 |     17 |      0 |     96 |   1 |  127.0 |
               +--------+--------+--------+--------+--------+-----+--------+

Top non-repeatable levels by time:
     D:1: 1275 daAuts
     D:3: 1116 daAuts
     D:5: 1045 daAuts
     D:6: 912 daAuts
     D:7: 872 daAuts
     D:9: 812 daAuts
     D:2: 803 daAuts
     D:4: 780 daAuts
     D:8: 763 daAuts
  Temple: 127 daAuts
    D:10: 28 daAuts
